 Dungeon Crawl Stone Soup version 0.29.0-4-gdea44cf6ec (webtiles) character file.

Game seed: 1618158633867163686

116 qw the Chopper (level 5, -5/30 HPs)
             Began as a Tengu Warper on Aug 28, 2022.
             Slain by an ogre
             ... wielding a +0 giant club
              (27 damage)
             ... on level 4 of the Dungeon.
             The game lasted 00:00:16 (3279 turns).

qw the Chopper (Tengu Warper)                       Turns: 3279, Time: 00:00:17

Health: -5/30      AC:  8    Str: 13 (14) XL:     5   Next: 0%
Magic:  9/9        EV:  8    Int: 18 (19) God:
Gold:   159        SH:  8    Dex: 10 (13) Spells: 8/8 levels left

rFire   + + .      SeeInvis .   Y - +0 war axe
rCold   x . .      Faith    .   k - +0 kite shield
rNeg    . . .      Spirit   .   l - +0 fire dragon scales "Lenez" {+Blink rF++ rC- Int+6}
rPois   .          Reflect  .   (helmet restricted)
rElec   .          Harm     .   (no cloak)
rCorr   .          Rampage  .   (no gloves)
Will    +....                   (boots unavailable)
Stlth   ..........              (no amulet)
HPRegen 0.10/turn               b - ring of willpower
MPRegen 0.11/turn               (no ring)

@: flying quickly and evasively, quick
A: beak, talons 3, nimble flight
a: Evoke Blink


You were on level 4 of the Dungeon.
You visited 1 branch of the dungeon, and saw 4 of its levels.

You collected 159 gold pieces.


Innate Abilities, Weirdness & Mutations

You have a beak for a mouth.
You have claws for feet.
Your magical nature lets you fly swiftly and evasively.


   Skills:
 - Level 2.0 Fighting
 + Level 4.2 Axes
 - Level 1.0 Throwing
 - Level 1.1 Armour
 - Level 2.1 Dodging
 - Level 3.0 Shields
 - Level 2.0 Spellcasting
 - Level 2.4 Translocations


You had 8 spell levels left.
You didn't know any spells.
Your spell library contained the following spells:

 Spells                   Type           Power      Damage    Failure   Level
 Blink                    Tloc           20%        N/A       91%         2
 Gell's Gravitas          Tloc           10%        N/A       99%         3
 Lesser Beckoning         Tloc           10%        N/A       99%         3
 Teleport Other           Tloc           10%        N/A       99%         3
 Manifold Assault         Tloc           10%        N/A       100%        5

Inventory:

Hand Weapons
 c - a +0 whip
 Y - a +0 war axe (weapon)
Missiles
 f - 3 boomerangs (quivered)
Armour
 k - a +0 kite shield (worn)
 l - the +0 fire dragon scales "Lenez" (worn) {+Blink rF++ rC- Int+6}
   (You found it on level 3 of the Dungeon)

   Int:       It affects your intelligence (+6).
   rF:        It greatly protects you from fire.
   rC:        It makes you vulnerable to cold.
   +Blink:    It lets you blink.
Jewellery
 b - a ring of willpower (left hand)
Potions
 a - a potion of cancellation {unknown}
 e - a potion of heal wounds {unknown}
 h - a potion of might {unknown}
 m - a potion of lignification {unknown}

Dungeon Overview and Level Annotations

Branches:
Dungeon (4/15)
 Temple: D:4-7

Altars:


Message History

(D) Dungeon
Where to? (* - list waypoints, Enter - D:3, ? - help)
What level of the Dungeon? (default 1, ? - help)
There is an open door here.
There is a stone staircase leading down here.
You climb downwards.
The hobgoblin shouts!
Found an escape hatch in the floor.
There is a stone staircase leading up here.
A hobgoblin is nearby!
Existing waypoints: (1) D:2 (2) D:3 Assign waypoint to what number? (0-9, D - delete waypoint) Waypoint 1 re-assigned from D:2 to D:4.
An ogre comes into view. It is wielding a +0 giant club.
3273 ||| STAIRDANCE The ogre shouts!
You block the hobgoblin's attack.
You climb upwards.
There is a stone staircase leading down here.
You closely miss the hobgoblin. You claw the hobgoblin. You peck the hobgoblin.
You kill the hobgoblin!
Your Shields skill increases to level 3!
You have reached level 5!
Your magical nature develops, letting you fly swiftly and evasively.
Done exploring.
(D) Dungeon
Where to? (* - list waypoints, Enter - D:4, ? - help)
What level of the Dungeon? (default 1, ? - help)
You fly downwards.
You block the ogre's attack.
There is a stone staircase leading up here.
You slash the ogre! You claw the ogre.
The ogre is heavily wounded.
The ogre hits you with a +0 giant club!
You hit the ogre. Your kick misses the ogre.
You peck the ogre, but do no damage.
The ogre is severely wounded.
The ogre hits you with a +0 giant club!!
Ouch! That really hurt!
You die...

### .... #
..#..######..##
.....>O........
#..@# ##.....#
...##.....#
..### #.##.. ##
... ##. #


You could see an ogre.

Vanquished Creatures
  An orc priest (D:3)
  An adder (D:3)
  3 dart slugs
  2 orcs (D:3)
  3 endoplasms
  A giant cockroach (D:2)
  4 goblins
  5 hobgoblins
  8 jackals (D:1)
  6 kobolds
  6 quokkas
  9 ball pythons
  8 bats
  2 frilled lizards
  8 rats
67 creatures vanquished.

Notes
Turn   | Place    | Note
-------+----------+-------------------------------------------
     0 | D:1      | qw the Tengu Warper began the quest for the Orb.
     0 | D:1      | Reached XP level 1. HP: 12/12 MP: 4/4
     0 | D:1      | 0 ||| qw: Version: 0.1-a-89-g26bdef1
     0 | D:1      | 0 ||| qw: Game counter: 1892
     0 | D:1      | 0 ||| qw: Always use a shield: true
     0 | D:1      | 0 ||| qw: God list: Okawaru
     0 | D:1      | 0 ||| qw: Allow faded altars: false
     0 | D:1      | 0 ||| qw: Do Orc after D:15 true
     0 | D:1      | 0 ||| qw: Do second Lair branch before Depths: true
     0 | D:1      | 0 ||| qw: Lair rune preference: random
     0 | D:1      | 0 ||| qw: Plans: Normal
     0 | D:1      | 0 ||| PLANNING D:1-11
    67 | D:1      | 67 ||| Stepping ~*~*~tactically~*~*~ (stealth).
   171 | D:1      | HP: 2/12 [jackal (2)]
   177 | D:1      | Reached skill level 3 in Axes
   177 | D:1      | Reached XP level 2. HP: 1/17 MP: 6/6
   502 | D:1      | 502 ||| Stepping ~*~*~tactically~*~*~ (stealth).
   775 | D:1      | 775 ||| Stepping ~*~*~tactically~*~*~ (hiding).
   877 | D:1      | 877 ||| Stepping ~*~*~tactically~*~*~ (hiding).
   979 | D:1      | 979 ||| Stepping ~*~*~tactically~*~*~ (hiding).
   988 | D:1      | Reached XP level 3. HP: 15/21 MP: 7/7
  1473 | D:1      | 1473 ||| Stepping ~*~*~tactically~*~*~ (stealth).
  1474 | D:1      | 1474 ||| Stepping ~*~*~tactically~*~*~ (stealth).
  1475 | D:1      | 1475 ||| Stepping ~*~*~tactically~*~*~ (stealth).
  1483 | D:1      | Reached skill level 4 in Axes
  1589 | D:1      | 1589 ||| UPGRADING to +0 ring mail.
  1599 | D:1      | 1599 ||| DROPPING +0 leather armour.
  1600 | D:1      | 1600 ||| UPGRADING to +0 kite shield.
  1605 | D:1      | 1605 ||| READING scroll labelled BAMOSOGAGH.
  1606 | D:1      | 1606 ||| READING scroll labelled BENAST RECW.
  1610 | D:1      | 1610 ||| DROPPING scroll of blinking.
  1680 | D:2      | Found a faded altar of an unknown god.
  1899 | D:2      | Reached skill level 1 in Shields
  1955 | D:2      | 1955 ||| DROPPING +0 club.
  2205 | D:2      | Reached XP level 4. HP: 26/26 MP: 8/8
  2218 | D:2      | 2218 ||| UPGRADING to ring of willpower.
  2219 | D:2      | 2219 ||| READING scroll labelled ANIPHIE HUBLO.
  2306 | D:3      | Identified the +0 fire dragon scales "Lenez" {+Blink rF++
                  | rC- Int+6}
  2616 | D:3      | 2616 ||| Stepping ~*~*~tactically~*~*~ (stealth).
  2617 | D:3      | 2617 ||| Stepping ~*~*~tactically~*~*~ (stealth).
  2904 | D:3      | 2904 ||| SWAPPING to +0 war axe.
  2905 | D:3      | 2905 ||| DROPPING +1 hand axe.
  2939 | D:3      | HP: 6/26 [orc priest/divine providence (14)]
  2940 | D:3      | 2940 ||| READING scroll of teleportation.
  2942 | D:3      | 2942 ||| FLEEEEING.
  2943 | D:3      | 2943 ||| FLEEEEING.
  2944 | D:3      | 2944 ||| FLEEEEING.
  2949 | D:3      | 2949 ||| STAIRDANCE
  3211 | D:2      | 3211 ||| UPGRADING to +0 fire dragon scales "Lenez" {+Blink
                  | rF++ rC- Int+6}.
  3221 | D:2      | 3221 ||| DROPPING +0 ring mail.
  3222 | D:2      | 3222 ||| READING scroll labelled BUOQAGH DEGE.
  3223 | D:2      | 3223 ||| DRINKING 2 fuming yellow potions.
  3224 | D:2      | 3224 ||| DROPPING potion of degeneration.
  3272 | D:4      | Noticed an ogre
  3273 | D:4      | 3273 ||| STAIRDANCE
  3276 | D:3      | Reached skill level 3 in Shields
  3276 | D:3      | Gained mutation: Your magical nature lets you fly swiftly
                  | and evasively. [Tengu growth]
  3276 | D:3      | Reached XP level 5. HP: 30/30 MP: 9/9
  3279 | D:4      | Slain by an ogre

Levels and vault maps discovered:
D:1:      matt_arrival_refuge, layout_basic, chequers_jeans, skrybe_limestone_x
D:2:      layout_loops_ring, ebering_ecumenical_altar_hall
D:3:      layout_basic, serial_park_tiny_2
D:4:      layout_rooms, dk_yredelemnul_ordeal, nzn_wu_jian_council_hall,
          st_stairs_1, uniq_ijyb

Skill      XL: |  1  2  3  4 |
---------------+-------------+-----
Axes           | 3 4 |  4.2
Shields        | 1 3 |  3.0
Fighting       | |  2.0
Throwing       | |  1.0
Armour         | |  1.1
Dodging        | |  2.1
Spellcasting   | |  2.0
Translocations | |  2.4

Action                   |  1- 3 |  4- 6 || total
-------------------------+-------+-------++-------
Melee: Hand axe          |    76 |    20 ||    96
       Kick              |    12 |     5 ||    17
       Peck              |     9 |     3 ||    12
       War axe           |       |     5 ||     5
Throw: Boomerang         |    56 |    24 ||    80
  Use: Scroll            |     2 |     3 ||     5
       Potion            |       |     1 ||     1
Armor: Leather armour    |    16 |       ||    16
       Ring mail         |     9 |     4 ||    13
Dodge: Dodged            |    49 |     8 ||    57
Block: Kite shield       |     4 |    15 ||    19

Table legend:
 A = Non-vault XP
 B = Vault XP
 C = Vault XP percentage of total XP
 D = Non-vault monster count
 E = Vault monster count
 F = Vault count percentage of total count
                 A         B        C        D         E       F
            +---------+---------+-------+---------+---------+-------
      Total |     166 |       0 |   0.0 |      67 |       0 |   0.0
            +---------+---------+-------+---------+---------+-------
        D:1 |      57 |       0 |   0.0 |      31 |       0 |   0.0
        D:2 |      28 |       0 |   0.0 |      18 |       0 |   0.0
        D:3 |      81 |       0 |   0.0 |      18 |       0 |   0.0
            +---------+---------+-------+---------+---------+-------
